 Dungeon Crawl Stone Soup version 0.21.1-1-g345015fe64 (webtiles) character file.

1708 Kohma the Protected (level 8, -3/70 HPs)
             Began as a Minotaur Fighter on June 9, 2018.
             Was a Follower of the Shining One.
             Killed from afar by an electric eel (9 damage)
             ... with a bolt of electricity
             ... on level 7 of the Dungeon.
             The game lasted 00:26:04 (5716 turns).

Kohma the Protected (Minotaur Fighter)              Turns: 5716, Time: 00:26:04

Health: -3/70      AC: 13    Str: 22    XL:     8   Next: 73%
Magic:  7/7        EV:  6    Int:  5    God:    the Shining One [*.....]
Gold:   223        SH: 10    Dex: 11    Spells: 7/7 levels left

rFire    . . .     SeeInvis .   e - +4 trident (venom)
rCold    . . .     Gourm    .   c - +0 shield
rNeg     + . .     Faith    .   k - +0 plate armour
rPois    .         Spirit   .   (helmet restricted)
rElec    .         Reflect  .   (no cloak)
rCorr    .         Harm     .   (no gloves)
MR       .....                  (no boots)
Stlth    ..........             (no amulet)
HPRegen  0.21/turn              u - ring of positive energy
MPRegen  0.10/turn              (no ring)

@: glowing
A: retaliatory headbutt, horns 2
a: Renounce Religion


You were on level 7 of the Dungeon.
You worshipped the Shining One.
The Shining One was aware of your devotion.
You were hungry.

You visited 2 branches of the dungeon, and saw 9 of its levels.

You collected 223 gold pieces.

Inventory:

Hand Weapons
 a - a +1 war axe
 e - a +4 trident of venom (weapon)
 g - a +2 dagger of venom
 o - a -2 trident
 v - a +0 shortbow
Missiles
 p - 2 javelins
 q - 6 javelins of penetration (quivered)
 A - 21 arrows
Armour
 b - a +0 scale mail
 c - a +0 shield (worn)
 k - a +0 plate armour (worn)
Jewellery
 n - an uncursed ring of fire
 u - a ring of positive energy (left hand)
Wands
 w - a wand of disintegration (2)
 B - a wand of flame (35)
Scrolls
 h - 2 scrolls of teleportation
 m - a scroll of immolation
 y - a scroll of blinking {unknown}
 z - a scroll of identify
Potions
 d - a potion of might
 i - 2 potions of agility
 j - 2 potions of brilliance
 l - 2 potions of flight
 r - 4 potions of curing
 s - a potion of cancellation
 t - a potion of heal wounds {unknown}
 C - a potion of berserk rage {unknown}
Books
 x - the Tome of Attacks and Slavery
   (You found it on level 5 of the Dungeon)

   Spells                             Type                      Level
   a - Summon Butterflies             Summoning                    1
   b - Summon Small Mammal            Summoning                    1
   c - Throw Frost                    Conjuration/Ice              2
   d - Call Imp                       Summoning                    2
   e - Throw Icicle                   Conjuration/Ice              4
   f - Iskenderun's Battlesphere      Conjuration/Charms           5
Comestibles
 f - 6 rations


   Skills:
 + Level 6.2 Fighting
 - Level 3.9(5.6) Axes
 * Level 6.2(6.8) Polearms
 - Level 2.9 Throwing
 * Level 8.1 Armour
 + Level 2.1 Dodging
 + Level 6.2 Shields
 + Level 1.0 Invocations


You had 7 spell levels left.
You didn't know any spells.

Dungeon Overview and Level Annotations

Branches:
Dungeon (8/15)             Temple (1/1) D:4
   Lair: D:8-11

Altars:
Ashenzari
Cheibriados
Dithmenos
Elyvilon
Fedhas
Gozag
Hepliaklqana
Kikubaaqudgha
Makhleb
Nemelex Xobeh
Okawaru
Qazlal
Ru
Sif Muna
Trog
Uskayaw
Vehumet
Wu Jian
Xom
Yredelemnul
Zin
The Shining One

Annotations:
D:5 Edmund
D:8 Faustar's ghost, novice TrMo


Innate Abilities, Weirdness & Mutations

You reflexively headbutt those who attack you in melee.
You have a pair of horns on your head.


Message History

The electric eel shoots out a bolt of lightning at you!
The bolt of electricity hits the plant.
The bolt of electricity hits you!
There is an open door here.
The electric eel shoots out a bolt of lightning at you!
The bolt of electricity hits the electric eel.
The electric eel completely resists.
The bolt of electricity hits the plant.
The bolt of electricity hits you!
The electric eel shoots out a bolt of lightning at you!
The bolt of electricity hits the plant.
The bolt of electricity hits you!
The electric eel shoots out a bolt of lightning at you!
The bolt of electricity hits the plant.
The bolt of electricity hits you!
The electric eel shoots out a bolt of lightning at you!
The bolt of electricity hits the plant.
The bolt of electricity hits you!
* * * LOW HITPOINT WARNING * * *
The bolt of electricity hits you!
* * * LOW HITPOINT WARNING * * *
There is an open door here.
The electric eel shoots out a bolt of lightning at you!
The bolt of electricity hits the plant.
The bolt of electricity hits you!
You die...

.....### #≈##≈≈≈##≈.((.# ##......
.......###≈#≈≈.;;#$.≈P$# ##......
........##†#;!?.≈#P≈..≈# #.......
........##≈#$PP..#.....###.(.....
(......###.#P..PP# #........
.....###.#.#.....# #........
...#####.#.#.....#####..###......
.#..# #..#.##..'##≈≈≈..# ###....
##..###..##≈####@≈≈# ###..
##.......##≈≈≈..##### ##.
##..###...#######...# #..
##.............###...# ##.#
...........##....#...# ##.##
...........#####.....## #..#
..........## ###....### ##.##
.........## ##.....####.####
.........# #..##..........


You could see 2 electric eels.

Vanquished Creatures
  A shadow (D:6)
  A hungry ghost (D:5)
  An ice beast (D:7)
  An ogre (D:7)
  2 phantoms
  A centaur (D:5)
  A bullfrog (D:7)
  3 scorpions
  A water moccasin skeleton (D:5)
  3 killer bees (D:7)
  4 crimson imps
  2 hounds
  An orc priest (D:4)
  A bullfrog skeleton (D:5)
  3 orc wizards
  An iguana (D:5)
  2 worker ants (D:4)
  A howler monkey zombie (D:7)
  4 gnolls
  4 adders
  A shadow imp (D:6)
  An ooze (D:1)
  An adder skeleton (D:5)
  2 worms
  3 dart slugs
  2 leopard geckos
  13 orcs
  A ball python (D:2)
  4 bats
  3 giant cockroaches
  12 hobgoblins
  8 jackals
  5 kobolds
  3 quokkas
  4 frilled lizards
  4 goblins
  A jackal skeleton (D:7)
  8 rats
114 creatures vanquished.

Notes
Turn   | Place    | Note
-------+----------+-------------------------------------------
     0 | D:1      | Kohma the Minotaur Fighter began the quest for the Orb.
     0 | D:1      | Reached XP level 1. HP: 19/19 MP: 0/0
   155 | D:1      | Reached XP level 2. HP: 26/27 MP: 1/1
   526 | D:1      | Found a shimmering altar of Xom.
   629 | D:1      | Reached skill level 4 in Armour
   998 | D:1      | Reached XP level 3. HP: 28/33 MP: 2/2
  1444 | D:2      | Reached XP level 4. HP: 38/40 MP: 3/3
  1865 | D:4      | You fall through a shaft!
  1865 | D:5      | Entered Level 5 of the Dungeon
  1874 | D:5      | Reached skill level 1 in Throwing
  1874 | D:5      | Reached XP level 5. HP: 47/47 MP: 4/4
  1937 | D:5      | Reached skill level 1 in Polearms
  1937 | D:5      | Reached skill level 5 in Armour
  1972 | D:6      | Noticed a centaur
  1992 | D:5      | Noticed Edmund
  2032 | D:4      | Found a staircase to the Ecumenical Temple.
  2052 | Temple   | Entered the Ecumenical Temple
  2066 | Temple   | Became a worshipper of the Shining One
  2512 | D:4      | Noticed a phantom
  2563 | D:4      | Killed a phantom
  2563 | D:4      | Reached XP level 6. HP: 52/53 MP: 5/5
  2765 | D:5      | Identified the Tome of Attacks and Slavery
  2798 | D:5      | Found a shadowy altar of Dithmenos.
  3080 | D:5      | Reached skill level 5 in Fighting
  3080 | D:5      | Reached skill level 6 in Armour
  3080 | D:5      | Reached skill level 5 in Shields
  3080 | D:5      | Reached XP level 7. HP: 33/61 MP: 6/6
  3306 | D:6      | Noticed a shadow
  3393 | D:6      | Killed a shadow
  3681 | D:6      | Noticed a hungry ghost
  3711 | D:5      | Killed a hungry ghost
  3769 | D:7      | Reached * piety under the Shining One
  3782 | D:6      | Reached skill level 7 in Armour
  3782 | D:6      | Reached XP level 8. HP: 65/69 MP: 7/7
  3961 | D:6      | Reached skill level 5 in Polearms
  4268 | D:7      | Reached skill level 1 in Dodging
  5181 | D:7      | Found a sacrificial altar of Ru.
  5263 | D:8      | Noticed Faustar's ghost (novice TrMo)
  5271 | D:8      | Noticed a two-headed ogre
  5614 | D:7      | Reached skill level 8 in Armour
  5614 | D:7      | Reached skill level 1 in Invocations
  5716 | D:7      | Killed from afar by an electric eel

Skill      XL: |  1  2  3  4  5  6  7  8 |
---------------+-------------------------+-----
Fighting       | 4 5 6 |  6.2
Axes           | 3 |  3.9
Armour         | 4 5 6 7 8 |  8.1
Shields        | 4 5 6 |  6.2
Throwing       | 1 2 |  2.9
Polearms       | 2 3 4 6 |  6.2
Dodging        | 2 |  2.1
Invocations    | 1 |  1.0

Action                   |  1- 3 |  4- 6 |  7- 9 || total
-------------------------+-------+-------+-------++-------
Melee: War axe           |   130 |    36 |       ||   166
       Headbutt          |    18 |    31 |    30 ||    79
       Trident           |       |   115 |   167 ||   282
Evoke: Wand              |       |       |     3 ||     3
  Use: Scroll            |       |    12 |     5 ||    17
  Eat: Chunk             |     2 |     5 |     2 ||     9
       Ration            |       |       |     4 ||     4
Armor: Scale mail        |     6 |       |       ||     6
       Plate armour      |    92 |    88 |   102 ||   282
Dodge: Dodged            |    26 |    24 |    34 ||    84
Block: Shield            |    87 |    89 |    88 ||   264
